 Dungeon Crawl Stone Soup version 0.30.1 (webtiles) character file.

Game seed: 12041458483772494127

868 wanderguy the Slasher (level 7, 0/62 HPs)
             Began as an Armataur Monk on July 10, 2023.
             Was the Champion of Ignis.
             Slain by an orc warrior
             ... wielding a +0 hand axe
              (4 damage)
             ... on level 7 of the Dungeon on July 11, 2023.
             The game lasted 00:20:52 (4590 turns).

wanderguy the Slasher (Armataur Monk)               Turns: 4590, Time: 00:20:52

Health: 0/62       AC: 13    Str: 16      XL:     7   Next: 73%
Magic:  0/7        EV:  6    Int: 10      God:    Ignis [******]
Gold:   248        SH:  0    Dex: 11 (12) Spells: 6/6 levels left

rFire   + . .        a - +0 falchion
rCold   + + .        d - orb {light}
rNeg    + + .        k - +5 chain mail of the Unstoppable Runes {Rampage rPois rC+ Str-3}
rPois   +            (no helmet)
rElec   .            (no cloak)
rCorr   .            (no gloves)
SInv    .            (no barding)
Will    .....        h - amulet of guardian spirit Stlth
                     y - ring of positive energy
HPRegen 0.30/turn    z - ring of positive energy
MPRegen 0.10/turn

%: guardian spirit, roll
@: hasted, glowing, very quick
A: large, rugged brown scales 3, deformed body, armoured tail, roll, long
tongue, awkward tongue, cold resistance 1, deterioration 1, MP-powered wands
a: Renounce Religion, Fiery Armour, Foxfire Swarm, Rising Flame


You were on level 7 of the Dungeon.
You worshipped Ignis.
Ignis was exalted by your worship.
You visited 1 branch of the dungeon, and saw 6 of its levels.

You collected 248 gold pieces.

Inventory:

Hand Weapons
 a - a +0 falchion (weapon)
Missiles
 f - 4 silver javelins
 j - 5 boomerangs (quivered)
Armour
 b - a +0 robe
 d - an orb of light (worn)
 g - a +0 ring mail
 i - a +0 robe
 k - the +5 chain mail of the Unstoppable Runes (worn) {Rampage rPois rC+ Str-3}
   (You took it off a hobgoblin on level 2 of the Dungeon)

   Str:       It affects your strength (-3).
   rC:        It protects you from cold.
   rPois:     It protects you from poison.
   Rampage:   It bestows one free step when moving towards enemies.
 q - a +1 buckler
Jewellery
 h - an amulet of guardian spirit (around neck)
 y - a ring of positive energy (left hand)
 z - a ring of positive energy (right hand)
Wands
 u - a wand of paralysis (10)
Scrolls
 l - a scroll of silence {unknown}
 m - 2 scrolls of immolation {unknown}
 n - a scroll of enchant weapon {unknown}
 o - 3 scrolls of identify
 r - 3 scrolls of fog {unknown}
 w - a scroll of vulnerability {unknown}
 x - a scroll of blinking {unknown}
Potions
 e - 2 potions of attraction
 v - 2 potions of magic


   Skills:
 + Level 3.7 Fighting
 + Level 5.4 Long Blades
 * Level 2.6 Throwing
 + Level 4.3 Armour
 + Level 3.1 Dodging
 * Level 2.7 Stealth


You had 6 spell levels left.
You didn't know any spells.
Your spell library was empty.

Dungeon Overview and Level Annotations

Branches:
Dungeon (5/15)
 Temple: D:4-7

Altars:
Okawaru
Ignis


Innate Abilities, Weirdness & Mutations

You are completely covered in rugged brown scales. (AC +3, +7% HP)
Armour fits poorly on your strangely shaped body.
You have a long armoured tail.
You roll when moving toward enemies. (Rampage)
Your long tongue fully drains potion bottles. (2x potion effects)
Your tongue gives you trouble enunciating. (1.5x scroll delay)
Your flesh is cold resistant. (rC+)
Your body sometimes deteriorates upon taking damage.
You expend magic power (3 MP) to strengthen your wands.


Message History

The orc hits you but does no damage.
The orc warrior hits you but does no damage.
The orc wizard hits you but does no damage.
The orc hits you but does no damage.
You're too confused to move!
The orc warrior hits you with a +0 hand axe.
The orc wizard casts a spell at you.
You are more confused.
The orc closely misses you.
The orc warrior hits you with a +0 hand axe.
* * * LOW HITPOINT WARNING * * *
The orc wizard gestures at you while chanting.
The puff of flame hits you. You resist.
* * * LOW HITPOINT WARNING * * *
You bump into the rock wall.
The orc warrior hits you with a +0 hand axe.
* * * LOW HITPOINT WARNING * * *
Unknown command.
You slash the orc warrior!
The orc warrior is severely wounded.
The orc warrior hits you with a +0 hand axe.
* * * LOW HITPOINT WARNING * * *
The orc wizard points at you and mumbles some strange words.
You resist with some effort. The orc hits you but does no damage.
The orc warrior hits you with a +0 hand axe!
* * * LOW HITPOINT WARNING * * *
The orc wizard hits you with a +0 dagger.
* * * LOW HITPOINT WARNING * * *
You're too confused to move!
The orc hits you but does no damage.
You barely miss the orc wizard.
The orc wizard is severely wounded.
The orc warrior closely misses you. The orc barely misses you.
The orc wizard gestures at you while chanting.
The magic dart hits you but does no damage.
You feel yourself speed up.
You slurp down every last drop of the potion of haste!
You feel less confused.
The orc warrior hits you with a +0 hand axe.
You die...

#.....#.....#.......#....#
#.....#.....#.......#....#
#.....#.....'.......#....+
#.....#.....#.......#....#
#.....#.....#.......#....#
#.....####)###..#####....#
#.........)).#..#
#.........oo.#..#
#.........@o.#..#
#####............####
#....##########.....
#....# '....... #....+
.#....... #.>..# .#.......
#....# . #....... #....#
....... ###....#


You could see an orc warrior, an orc wizard (invisible) and an orc.

Vanquished Creatures
  An orc warrior (D:7)
  2 ice beasts
  A black bear (D:5)
  The ghost of erynZofia the Shooter, a weakling SpHu (D:4)
  4 hounds
  An orc priest (D:3)
  A jelly (D:7)
  An iguana (D:4)
  5 orc wizards
  3 adders
  A worm (D:4)
  3 dart slugs
  17 orcs
  5 bats
  5 endoplasms
  2 giant cockroaches
  6 goblins
  9 hobgoblins
  6 jackals
  2 quokkas (D:3)
  8 ball pythons
  4 frilled lizards
  12 kobolds
  4 rats
104 creatures vanquished.

Notes
Turn   | Place    | Note
-------+----------+-------------------------------------------
     0 | D:1      | wanderguy the Armataur Monk began the quest for the Orb.
     0 | D:1      | Reached XP level 1. HP: 19/19 MP: 1/1
   131 | D:1      | Reached XP level 2. HP: 25/26 MP: 2/2
   171 | D:1      | Reached skill level 3 in Long Blades
   512 | D:1      | Reached XP level 3. HP: 26/32 MP: 3/3
   910 | D:1      | Found a faded altar of an unknown god.
   937 | D:1      | Prayed at the altar of an unknown god.
   937 | D:1      | Became a worshipper of Ignis, the Dying Flame
   937 | D:1      | Reached ****** piety under Ignis
  1451 | D:2      | Reached skill level 1 in Armour
  1534 | D:2      | Identified the +5 chain mail of the Unstoppable Runes
                  | {Rampage rPois rC+ Str-3}
  2346 | D:3      | Reached XP level 4. HP: 40/40 MP: 4/4
  2390 | D:3      | Found an iron altar of Okawaru.
  2429 | D:3      | Reached skill level 1 in Throwing
  2433 | D:3      | Reached XP level 5. HP: 44/48 MP: 5/5
  3104 | D:4      | Reached skill level 4 in Long Blades
  3144 | D:4      | Reached XP level 6. HP: 40/54 MP: 6/6
  3350 | D:4      | Found a runed translucent door.
  3351 | D:4      | Noticed erynZofia's ghost (weakling SpHu)
  3386 | D:4      | Killed erynZofia's ghost
  3387 | D:4      | Reached skill level 1 in Stealth
  3865 | D:5      | Entered Level 5 of the Dungeon
  3888 | D:5      | Noticed an ice beast
  3896 | D:5      | Killed an ice beast
  3958 | D:5      | Reached skill level 5 in Long Blades
  3958 | D:5      | Reached XP level 7. HP: 60/60 MP: 7/7
  4095 | D:5      | You fall into a shaft and drop 2 floors!
  4134 | D:7      | Gained mutation: You are occasionally teleported next to
                  | monsters. [potion of mutation]
  4134 | D:7      | Gained mutation: Your body sometimes deteriorates upon
                  | taking damage. [potion of mutation]
  4134 | D:7      | Gained mutation: Your flesh is cold resistant. (rC+)
                  | [potion of mutation]
  4134 | D:7      | Lost mutation: You are occasionally teleported next to
                  | monsters. [potion of mutation]
  4134 | D:7      | Gained mutation: You expend magic power (3 MP) to
                  | strengthen your wands. [potion of mutation]
  4586 | D:7      | HP: 3/62 [orc wizard/+0 dagger (1)]
  4590 | D:7      | Slain by an orc warrior

Illustrated notes

Levels and vault maps discovered:
D:1:      dpeg_arrival_round_b, layout_basic, ebering_ecumenical_altar_mist,
          chequers_serial_rivers_micro_a, minmay_bisected
D:2:      layout_loops_ring, serial_bayou_pond_e, feat_on_display
D:3:      layout_basic, mainiacjoe_overflow_alcove_4, serial_bayou,
          serial_bayou_shore_b, serial_bayou_pond_a, serial_bayou_ford_a,
          serial_bayou_crossing
D:4:      layout_gridville, gammafunk_ghost_grave
D:5:      layout_loops_ring, serial_glass, glass_columns_a, glass_columns_b,
          glass_columns_a, glass_columns_a, glass_columns_a, glass_columns_a,
          glass_columns_b, glass_columns_b, grunt_decor_clamped, abandoned_shop
D:7:      layout_gridville, fedhas_bush_and_centaur_altar,
          gammafunk_temple_overflow_pools, uniq_prince_ribbit1

Skill      XL: |  1  2  3  4  5  6  7 |
---------------+----------------------+-----
Long Blades    | 3 4 5 |  5.4
Armour         | 1 2 3 4 |  4.3
Fighting       | 3 |  3.7
Throwing       | 1 2 |  2.6
Dodging        | 3 |  3.1
Stealth        | 1 2 |  2.7

Action                     |  1- 3 |  4- 6 |  7- 9 || total
---------------------------+-------+-------+-------++-------
  Melee: Falchion          |   126 |   168 |    69 ||   363
         Tailslap          |    16 |    27 |    11 ||    54
  Throw: Boomerang         |     2 |       |       ||     2
    Use: Potion            |     4 |       |     8 ||    12
         Scroll            |     2 |     2 |     1 ||     5
 Armour: Ring mail         |    61 |       |       ||    61
         Chain mail        |    22 |   162 |    66 ||   250
         Skin              |       |       |    20 ||    20
  Dodge: Dodged            |    77 |    66 |    40 ||   183
